 Dungeon Crawl Stone Soup version 0.30-a0-341-g682706514a (webtiles) character file.

Game seed: 2692925110707860933

4408 koil the Covert (level 10, 0/51 HPs)
             Began as a Spriggan Enchanter on Nov 3, 2022.
             Was a Follower of Wu Jian.
             Killed from afar by an electric eel (11 damage)
             ... with a bolt of electricity
             ... in a bailey.
             The game lasted 00:35:33 (8421 turns).

koil the Covert (Spriggan Enchanter)                Turns: 8421, Time: 00:35:34

Health: 0/51       AC:  5    Str:  4    XL:     10   Next: 14%
Magic:  22/22      EV: 24    Int: 21    God:    Wu Jian [*.....]
Gold:   455        SH:  0    Dex: 22    Spells: 16/24 levels left

rFire   . . .      SeeInvis +    b - +3 arbalest (vorpal)
rCold   . . .      Faith    .    (shield currently unavailable)
rNeg    . . .      Spirit   .    R - +0 robe
rPois   .          Reflect  .    (helmet restricted)
rElec   .          Harm     .    g - +2 cloak
rCorr   .          Rampage  .    (gloves unavailable)
Will    +....                    (boots unavailable)
Stlth   +++++.....               (no amulet)
HPRegen 0.28/turn                A - +6 ring of dexterity
MPRegen 0.18/turn                (no ring)

@: very quick
A: very small, no large weapons, unfitting armour, see invisible, speed 3
a: Renounce Religion


You were in a bailey.
You worshipped Wu Jian.
Wu Jian was aware of your devotion.
You visited 2 branches of the dungeon, and saw 9 of its levels.
You also visited: Ossuary and Bailey.

You collected 455 gold pieces.

Inventory:

Hand Weapons
 a - a +2 dagger of venom
 b - a +3 vorpal arbalest (weapon)
 v - a +1 dagger of speed
 z - a +0 short sword of holy wrath
 P - a +3 dagger of draining
Missiles
 k - 21 poisoned darts
 n - 3 throwing nets
Armour
 f - a scarf of invisibility
 g - a +2 cloak (worn)
 R - a +0 robe (worn)
Jewellery
 h - an amulet of the acrobat
 A - a +6 ring of dexterity (left hand)
Wands
 t - a wand of digging (5)
Scrolls
 d - 2 scrolls of identify
 u - 4 scrolls of teleportation
 K - a scroll of torment
Potions
 c - 3 potions of invisibility
 x - 2 potions of brilliance
 D - 2 potions of curing
 H - a potion of ambrosia
 I - a potion of heal wounds
 J - a potion of resistance
 L - a potion of flight
 M - 3 potions of lignification


   Skills:
 + Level 4.8 Fighting
 + Level 6.5 Short Blades
 + Level 3.1 Ranged Weapons
 + Level 8.0 Dodging
 - Level 10.0 Stealth
 + Level 7.5 Spellcasting
 + Level 8.0 Hexes


You had 16 spell levels left.
You knew the following spells:

 Your Spells              Type           Power      Damage    Failure   Level
a - Ensorcelled Hibernat  Hex/Ice        48%        N/A       2%          2
b - Dazzling Flash        Conj/Hex       48%        N/A       4%          3
c - Confusing Touch       Hex            41%        N/A       1%          3

Your spell library contained the following spells:

 Spells                   Type           Power      Damage    Failure   Level
 Tukima's Dance           Hex            41%        N/A       1%          3
 Necrotise                Necr           28%        1d5       9%          1
 Vampiric Draining        Necr           7%         2d6       26%         3
 Agony                    Necr           7%         N/A       93%         5
 Malign Gateway           Summ/Tloc      3%         N/A       100%        7
 Summon Horrible Things   Summ           3%         N/A       100%        8


Dungeon Overview and Level Annotations

Branches:
Dungeon (8/15)             Temple (1/1) D:6         Ossuary (visited)
 Bailey (1/1)
   Lair: D:8-11

Altars:
Ashenzari
Cheibriados
Dithmenos
Fedhas
Gozag
Hepliaklqana
Makhleb
Nemelex Xobeh
Okawaru
Qazlal
Ru
Sif Muna
Trog
Uskayaw
Vehumet
Wu Jian
Xom
Yredelemnul
Zin
The Shining One


Innate Abilities, Weirdness & Mutations

You are very small and have problems with some larger weapons.
You are too small for most types of armour.
You have supernaturally acute eyesight. (SInv)
You cover ground extremely quickly. (Speed+++)


Message History

The electric eel shoots out a bolt of lightning at you!
The bolt of electricity hits you! x2
The electric eel shoots out a bolt of lightning at you!
The bolt of electricity hits you!
* * * LOW HITPOINT WARNING * * *
The bolt of electricity misses you.
You close the door.
You start resting.
HP restored.
You open the door.
There is an open door here.
No target in view!
An electric eel comes into view.
Fire: b) +3 arbalest (vorpal)
Press: ? - help, Q - select action, (/) - cycle Shift-Dir - straight line, f - electric eel
Aim: an electric eel (water, asleep, 98% to hit)
You shoot a bolt. The bolt hits the electric eel!
The electric eel is heavily wounded.
The electric eel shoots out a bolt of lightning at you!
The bolt of electricity hits you!
The electric eel shoots out a bolt of lightning at you!
The bolt of electricity hits you!
Fire: b) +3 arbalest (vorpal)
Press: ? - help, Q - select action, (/) - cycle Shift-Dir - straight line, f/p - electric eel
Aim: an electric eel (water, heavily wounded, 50% to hit)
You shoot a bolt. The bolt hits the electric eel.
The electric eel is almost dead.
The electric eel shoots out a bolt of lightning at you!
The bolt of electricity hits you!
Fire: b) +3 arbalest (vorpal)
Press: ? - help, Q - select action, (/) - cycle Shift-Dir - straight line, f/p - electric eel
Aim: an electric eel (water, almost dead, 50% to hit)
You shoot a bolt.
The bolt barely misses the electric eel.
The electric eel shoots out a bolt of lightning at you!
The bolt of electricity hits you!
* * * LOW HITPOINT WARNING * * *
The electric eel shoots out a bolt of lightning at you!
The bolt of electricity hits you!
You die...

≈≈≈≈≈≈≈≈≈≈≈≈≈≈≈≈
≈≈≈≈≈≈≈≈≈≈≈≈≈≈≈≈
≈≈≈≈≈≈≈≈≈≈≈≈≈≈≈≈
≈≈≈≈≈≈≈≈≈≈≈≈≈≈≈≈
≈≈≈≈≈≈≈≈≈≈≈≈≈≈≈ ≈≈≈≈≈≈≈≈≈≈≈S≈
#≈≈≈ ######~~~~~~~~~~ #≈≈≈
#.#..'.@........ #≈≈≈≈
#'#..############### #≈≈≈≈
#....'.....#)..)...#
#≈≈≈≈≈#....#....)).8.8.8.#
#≈≈≈≈≈#.##############.).#####
#≈≈≈≈≈~.#[[+ #......#.
#≈≈≈≈≈~.#[[# #......#.
#≈≈≈≈≈~o#..# #####''#.
#≈≈≈≈≈4.#### #....)#.


You could see an electric eel.

Vanquished Creatures
  An orc high priest (Bailey)
  2 slime creatures
  Grinder (D:3)
  A yak (D:8)
  2 water moccasins
  An orc warrior (Bailey)
  An ice beast (D:7)
  A sky beast (D:7)
  A black bear (D:6)
  4 ogres
  2 centaurs
  2 phantoms (D:6)
  A bullfrog (D:8)
  2 necrophages
  2 scorpions (D:4)
  6 water moccasin zombies (Ossuary)
  A killer bee (D:7)
  4 howler monkeys
  5 hounds
  An orc priest (D:6)
  Crazy Yiuf (D:6)
  A jelly (D:8)
  A gnoll bouda (D:6)
  Ijyb (D:2)
  2 iguanas
  7 orc wizards
  A hound skeleton (D:2)
  2 mummies (Ossuary)
  12 adders
  4 gnolls (D:7)
  A white imp (D:6)
  3 ufetubi
  An adder zombie (Ossuary)
  3 worms
  3 dart slugs
  35 orcs
  8 endoplasms
  4 giant cockroaches
  3 gnoll zombies (Ossuary)
  17 goblins
  14 hobgoblins
  2 jackals (D:1)
  5 quokkas
  10 ball pythons
  A ball python skeleton (D:2)
  8 bats
  2 frilled lizards
  6 hobgoblin zombies (Ossuary)
  9 kobolds
  6 kobold zombies (Ossuary)
  8 orc zombies (Ossuary)
  A quokka skeleton (D:2)
  2 quokka zombies (D:2)
  7 rats
232 creatures vanquished.

Vanquished Creatures (others)
  2 demonic plants (D:1)
  27 plants (D:8)
  A withered plant (D:2)
30 creatures vanquished.

Grand Total: 262 creatures vanquished

Notes
Turn   | Place    | Note
-------+----------+-------------------------------------------
     0 | D:1      | koil the Spriggan Enchanter began the quest for the Orb.
     0 | D:1      | Reached XP level 1. HP: 9/9 MP: 5/5
   152 | D:1      | Found a faded altar of an unknown god.
   152 | D:1      | Noticed a chaos spawn
   353 | D:1      | Reached XP level 2. HP: 10/13 MP: 6/6
   378 | D:1      | Learned a level 2 spell: Ensorcelled Hibernation
   962 | D:2      | Reached XP level 3. HP: 17/17 MP: 8/8
  1184 | D:2      | Found a shimmering blue altar of Sif Muna.
  1218 | D:2      | Reached skill level 1 in Fighting
  1218 | D:2      | Reached XP level 4. HP: 19/22 MP: 10/10
  1297 | D:2      | Reached skill level 5 in Stealth
  1872 | D:3      | Noticed Ijyb
  2024 | D:2      | Killed Ijyb
  2143 | D:3      | Reached XP level 5. HP: 23/25 MP: 11/11
  2256 | D:3      | Found the amulet of Elemental Vulnerability {rPois rF--
                  | rC-- AC+8}
  2434 | D:3      | Noticed Grinder
  2479 | D:3      | Paralysed by Grinder for 3 turns
  2495 | D:3      | Paralysed by Grinder for 3 turns
  2504 | D:3      | HP: 1/25 [Grinder (1)]
  2510 | D:3      | Paralysed by Grinder for 2 turns
  2513 | D:3      | Killed Grinder
  2514 | D:3      | Reached skill level 6 in Stealth
  2514 | D:3      | Reached XP level 6. HP: 15/30 MP: 11/13
  2702 | D:3      | Learned a level 3 spell: Dazzling Flash
  3119 | D:4      | Reached skill level 5 in Hexes
  3372 | D:4      | Reached XP level 7. HP: 32/35 MP: 14/14
  3653 | D:4      | Found a sand-covered staircase.
  3663 | Ossuary  | Entered an ossuary
  3676 | Ossuary  | Learned a level 3 spell: Confusing Touch
  3723 | Ossuary  | Reached skill level 5 in Dodging
  3848 | Ossuary  | Reached skill level 7 in Stealth
  3927 | Ossuary  | Reached skill level 5 in Spellcasting
  4045 | Ossuary  | Reached XP level 8. HP: 40/40 MP: 16/16
  4376 | D:5      | Entered Level 5 of the Dungeon
  4532 | D:5      | Found a sparkling altar of Nemelex Xobeh.
  4698 | D:5      | Found a broken altar of Ashenzari.
  4737 | D:5      | Reached skill level 8 in Stealth
  4969 | D:5      | Found a glowing golden altar of the Shining One.
  4969 | D:5      | Found an opulent altar of Gozag.
  4970 | D:5      | Found a burning altar of Makhleb.
  5313 | D:6      | Found a stormy altar of Qazlal.
  5326 | D:6      | You fall into a shaft and drop 1 floor!
  5469 | D:6      | Found a staircase to the Ecumenical Temple.
  5518 | D:6      | Found a blossoming altar of Fedhas.
  5534 | D:6      | Reached skill level 5 in Short Blades
  5587 | D:6      | Found a glowing silver altar of Zin.
  5858 | D:6      | Reached XP level 9. HP: 41/44 MP: 19/19
  5872 | D:6      | Found a runed translucent door.
  5873 | D:6      | Noticed Crazy Yiuf
  6028 | D:6      | Killed Crazy Yiuf
  6128 | Temple   | Entered the Ecumenical Temple
  6496 | Temple   | Became a worshipper of the Wu Jian Council
  6596 | Temple   | Identified a scroll of acquirement
  6596 | Temple   | Acquired a +2 vorpal arbalest
  6845 | D:7      | Killed a large slime creature
  6846 | D:7      | Reached skill level 1 in Ranged Weapons
  6846 | D:7      | Reached skill level 9 in Stealth
  7837 | D:8      | Reached * piety under Wu Jian
  7890 | D:8      | Reached skill level 10 in Stealth
  8017 | D:8      | Found a flagged portal.
  8038 | Bailey   | Entered a bailey
  8113 | Bailey   | Noticed an orc high priest
  8118 | Bailey   | Noticed an ice devil
  8145 | Bailey   | Noticed a soul eater
  8170 | Bailey   | Killed an orc high priest
  8171 | Bailey   | Reached XP level 10. HP: 30/51 MP: 22/22
  8421 | Bailey   | Killed from afar by an electric eel

Illustrated notes

Levels and vault maps discovered:
D:1:      psy_arrival_dodecagon, layout_loops_ring,
          dreamdust_ecumenical_altar_sealed_demon, minmay_surrounded
D:2:      layout_loops_corners, serial_undead, serial_undead_b, serial_undead_c,
          serial_undead_e, serial_undead_d, serial_undead_d, serial_undead_d,
          basic_altar, kennysheep_generic_room_15
D:3:      minmay_bubble_buster, layout_rooms, minmay_pentomino_pile, uniq_ijyb,
          uniq_grinder
D:4:      minmay_door_path, layout_basic, lightli_ossuary_entry_decrepit_ruins
D:5:      layout_loops_corners, ashenzari_conservatory_becter,
          nicolae_overflow_hidden_temple, overflow_temple_1_default
D:6:      layout_rooms, fedhas_altar_3, grunt_qazlal_sundering,
          mainiacjoe_overflow_alcove_1, minmay_temple_entry_metal_lava,
          uniq_crazy_yiuf_cottage
D:7:      layout_rooms, minmay_misc_feat_hallway, st_stairs_3
D:8:      layout_loops_ring, enter_bailey_5, serial_bayou, serial_bayou_pond_b,
          serial_bayou_lagoon_a, serial_bayou_pond_c, serial_bayou_pond_a,
          nicolae_shop_i_like_big_books
Temple:   minmay_temple_forest_path
Bailey:   bailey_axe_of_yendor_kennysheep, bailey

Skill      XL: |  1  2  3  4  5  6  7  8  9 |
---------------+----------------------------+-----
Dodging        | 3 4 5 6 8 |  8.0
Spellcasting   | 3 4 5 6 7 |  7.5
Hexes          | 4 5 6 8 |  8.0
Fighting       | 1 2 3 4 |  4.8
Stealth        | 5 6 7 8 10 | 10.0
Short Blades   | 2 3 4 5 6 |  6.5
Ranged Weapons | 3 |  3.1

Action                   |  1- 3 |  4- 6 |  7- 9 | 10-12 || total
-------------------------+-------+-------+-------+-------++-------
Melee: Dagger            |   115 |   172 |   473 |       ||   760
       Punch             |     1 |     6 |     7 |       ||    14
       Short sword       |       |    28 |       |       ||    28
 Fire: Arbalest          |       |       |   171 |     5 ||   176
Throw: Dart              |       |     5 |     7 |       ||    12
 Cast: Ensorcelled Hiber |     4 |       |       |       ||     4
  Use: Potion            |       |     1 |     5 |       ||     6
       Scroll            |       |       |    19 |       ||    19
 Stab: Sleeping          |    10 |    21 |    17 |       ||    48
       Distracted        |       |     1 |     1 |       ||     2
Armor: Robe              |    15 |    26 |    89 |       ||   130
Dodge: Dodged            |   100 |   106 |   481 |     2 ||   689

Table legend: (Time is in decaauts)
 A = Elapsed time spent in this place.
 B = Non-inter-level travel time spent in this place.
 C = Inter-level travel time spent in this place.
 D = Time resting spent in this place.
 E = Time spent auto-exploring this place.
 F = Levels seen in this place.
 G = Mean time per level.
                   A        B        C        D        E       F      G
               +--------+--------+--------+--------+--------+-----+--------+
         Total |   6235 |   6043 |    192 |    890 |   3075 |  11 |  566.8 |
       Dungeon |   5103 |   4941 |    162 |    451 |   2876 |   8 |  637.9 |
        Temple |    402 |    372 |     30 |    106 |    198 |   1 |  402.0 |
       Ossuary |    359 |    359 |      0 |    122 |      0 |   1 |  359.0 |
        Bailey |    369 |    369 |      0 |    211 |      0 |   1 |  369.0 |
               +--------+--------+--------+--------+--------+-----+--------+

Top non-repeatable levels by time:
     D:6: 835 daAuts
     D:2: 728 daAuts
     D:7: 720 daAuts
     D:3: 704 daAuts
     D:1: 669 daAuts
     D:4: 633 daAuts
     D:5: 547 daAuts
  Temple: 402 daAuts
  Bailey: 369 daAuts
 Ossuary: 359 daAuts
     D:8: 263 daAuts
